 Dungeon Crawl Stone Soup version 0.17.2-1-ge4368a0 (webtiles) character file.

178 Goblin1989 the Sneak (level 5, 0/38 HPs)
             Began as a Vampire Assassin on Dec 18, 2016.
             Slain by an orc wizard
             ... wielding a +0 dagger
              (4 damage)
             ... on level 4 of the Dungeon.
             The game lasted 00:11:45 (2951 turns).

Goblin1989 the Sneak (Vampire Assassin)             Turns: 2951, Time: 00:11:45

Health: 0/38       AC:  4    Str: 10    XL:     5   Next: 32%
Magic:  5/5        EV:  9    Int: 16    God:
Gold:   205        SH:  7    Dex: 17    Spells: 0 memorised, 4 levels left

rFire  . . .     SeeInvis +     a - +2 dagger
rCold  . . .     Clarity  .     c - +0 robe
rNeg   . . .     SustAt   .     y - +0 shield
rPois  .         Gourm    .     (no helmet)
rElec  .         Spirit   .     d - +0 cloak
rCorr  .         Warding  .     x - +0 pair of gloves
rMut   .         Stasis   .     (no boots)
MR     .....                    (no amulet)
Stlth  ++++......               (no ring)
                                B - +3 ring of intelligence

@: regenerating quickly, not resistant to hostile enchantments, stealthy
A: fangs 3, see invisible, unbreathing
a: no special abilities


You were on level 4 of the Dungeon.
You were full.

You visited 1 branch of the dungeon, and saw 4 of its levels.

You collected 205 gold pieces.

Inventory:

Hand Weapons
 a - a +2 dagger (weapon)
 w - a +0 blowgun {@w1}
Missiles
 e - 8 poisoned needles
 f - 2 curare-tipped needles
 t - 4 javelins (quivered)
Armour
 c - a +0 robe (worn)
 d - a +0 cloak (worn)
 x - a +0 pair of gloves (worn)
 y - a +0 shield (worn)
Jewellery
 v - a ring of fire
 B - a +3 ring of intelligence (left hand)
Wands
 C - a wand of slowing (21)
Scrolls
 g - 2 scrolls of recharging {unknown}
 h - 4 scrolls of identify {unknown}
 j - 2 scrolls of enchant weapon {unknown}
 l - 5 scrolls of remove curse {unknown}
 n - a scroll of amnesia {unknown}
 p - 2 scrolls of magic mapping {unknown}
 r - a scroll of teleportation {unknown}
 A - 2 scrolls of random uselessness {unknown}
 D - a scroll of blinking {unknown}
Potions
 b - a potion of cancellation {unknown}
 i - a potion of mutation {unknown}
 k - 2 potions of degeneration {unknown}
 m - 4 potions of curing {@q1}
 o - a potion of ambrosia {unknown}
 q - 3 potions of blood
 s - a potion of lignification {unknown}
 u - 3 potions of heal wounds {unknown}
 z - a potion of beneficial mutation {unknown}


   Skills:
 + Level 2.0 Fighting
 * Level 4.9 Short Blades
 - Level 1.5 Throwing
 + Level 1.4 Dodging
 + Level 7.4 Stealth
 + Level 0.3 Shields


You had 4 spell levels left.
You didn't know any spells.

Dungeon Overview and Level Annotations

Branches:
Dungeon (4/15)
 Temple: D:4-7

Altars:
Cheibriados
Qazlal

Annotations:
D:3 6 exclusions, dscm's ghost, amateur FeTm


Innate Abilities, Weirdness & Mutations

Your natural rate of healing is unusually fast.
You have razor-sharp teeth.
You have supernaturally acute eyesight.
You can survive without breathing.


Message History

* * * LOW HITPOINT WARNING * * *
The orc wizard hits you with a dagger.
* * * LOW HITPOINT WARNING * * *
You take 5 damage, and have 11/38 hp.
You hit the orc wizard. Your bite misses the orc wizard.
The orc wizard is heavily wounded.
The orc wizard completely misses you.
Unknown command.
You closely miss the orc wizard.
The orc wizard is heavily wounded.
You feel yourself speed up. The orc wizard closely misses you.
The orc wizard hits you with a dagger!
* * * LOW HITPOINT WARNING * * *
You take 7 damage, and have 4/38 hp.
Unknown command.
You hit the orc wizard. You bite the orc wizard.
The orc wizard is almost dead.
The orc wizard hits you but does no damage.
The orc wizard hits you with a dagger.
You die...

███ ██████.███ ██
█........██ ..█
███.........█ ...██
█.█.........█ ██.....
█...........█
██.......
█.........████........
██...........@).......
██.........)█o.......
██.......████........
█<.█....██ █........
█.███...█ █........
█.█ ██..█ █........
██.█


████ ██....... █.██ ██████. █.██ You could see an orc wizard.

Vanquished Creatures
  A hound skeleton (D:3)
  4 gnolls
  5 adders
  2 oozes
  2 worms
  A giant gecko (D:1)
  4 orcs
  8 bats
  8 goblins
  7 hobgoblins
  8 jackals
  2 ball pythons
  A giant cockroach (D:1)
  2 giant newts (D:3)
  8 kobolds
  6 rats
69 creatures vanquished.

Notes
Turn   | Place    | Note
--------------------------------------------------------------
     0 | D:1      | Goblin1989 the Vampire Assassin began the quest for the Orb.
     0 | D:1      | Reached XP level 1. HP: 16/16 MP: 1/1
   113 | D:1      | Reached skill level 6 in Stealth
   131 | D:1      | Reached XP level 2. HP: 20/22 MP: 2/2
   865 | D:2      | Found a stormy altar of Qazlal.
   867 | D:2      | Reached XP level 3. HP: 27/27 MP: 3/3
  1155 | D:2      | Reached skill level 7 in Stealth
  1496 | D:2      | Reached XP level 4. HP: 29/33 MP: 4/4
  2017 | D:3      | Noticed a phantom
  2034 | D:3      | Reached XP level 5. HP: 26/38 MP: 5/5
  2565 | D:3      | Found a snail-covered altar of Cheibriados.
  2684 | D:3      | Noticed dscm's ghost (amateur FeTm)
  2951 | D:4      | Slain by an orc wizard

Action                   |  1- 3 |  4- 6 || total
-------------------------+-------+-------++-------
Melee: Dagger            |   112 |   197 ||   309
  Use: Potion            |     9 |     6 ||    15
 Stab: Sleeping          |    15 |     3 ||    18

Vault maps used:
D:1:      saegor_arrival_simple_f, hangedman_decor_growths, roderic_lattice_a
D:2:      overflow_temple_1_default
D:3:      marbit_many_paths
D:4:      uniq_pikel, uniq_edmund
